 Dungeon Crawl Stone Soup version 0.23-a0-265-g9c2c487a97 (webtiles) character file.

3664 Fandomethor the Magician (level 10, -7/69 HPs)
             Began as a Gnoll Skald on Sept 30, 2018.
             Was a Priest of Hepliaklqana.
             Killed from afar by Erica (24 damage)
             ... with a bolt of poison
             ... on level 8 of the Dungeon.
             The game lasted 00:20:34 (6875 turns).

Fandomethor the Magician (Gnoll Skald)              Turns: 6875, Time: 00:20:34

Health: -7/69      AC: 13    Str: 20    XL:     10   Next: 12%
Magic:  20/20      EV: 16    Int: 17    God:    Hepliaklqana [***...]
Gold:   358        SH:  0    Dex: 15    Spells: 22/23 levels left

rFire    . . .     SeeInvis .   M - +2 spear (freeze)
rCold    . . .     Gourm    .   (no shield)
rNeg     . . .     Faith    .   t - +0 chain mail
rPois    .         Spirit   .   m - +0 helmet
rElec    .         Reflect  .   u - +0 cloak
rCorr    .         Harm     .   g - +0 pair of gloves
MR       .....                  (no boots)
Stlth    ..........             (no amulet)
HPRegen  0.21/turn              i - +5 ring of evasion
MPRegen  0.17/turn              J - +5 ring of strength

@: lethally poisoned (-7 -> -13)
A: distributed training, reduced essence, fangs 1, strong nose
a: Recall Ancestor, Ancestor Identity, Transference, Renounce Religion


You were on level 8 of the Dungeon.
You worshipped Hepliaklqana.
Hepliaklqana was most pleased with you.
You were not hungry.

You visited 1 branch of the dungeon, and saw 8 of its levels.
You also visited: Ossuary.

You collected 358 gold pieces.

Inventory:

Hand Weapons
 I - the +1 flail "Lotait" {crush, Str+3}
   (You found it on level 6 of the Dungeon)

   It inflicts extra damage upon your enemies.
   It affects your strength (+3).
 M - a +2 spear of freezing (weapon)
Armour
 g - a +0 pair of gloves (worn)
 m - a +0 helmet (worn)
 t - a +0 chain mail (worn)
 u - a +0 cloak (worn)
Jewellery
 i - a +5 ring of evasion (left hand)
 o - an uncursed ring of resist corrosion
 J - a +5 ring of strength (right hand)
Wands
 r - a wand of polymorph (16)
 C - a wand of disintegration (4)
 D - a wand of acid (9)
 G - a wand of random effects (51)
 K - a wand of flame (34)
Scrolls
 e - 2 scrolls of identify
 h - a scroll of magic mapping {unknown}
 n - 3 scrolls of fear
 s - 3 scrolls of amnesia
 w - 4 scrolls of blinking
 x - a scroll of remove curse
 y - 3 scrolls of teleportation
 E - a scroll of enchant armour {unknown}
 F - a scroll of enchant weapon {unknown}
 H - 2 scrolls of fog
 L - a scroll of random uselessness {unknown}
Potions
 a - a potion of lignification {unknown}
 b - a potion of might {unknown}
 c - a potion of haste {unknown}
 f - a potion of ambrosia {unknown}
 j - a potion of cancellation {unknown}
 k - 2 potions of degeneration {unknown}
 l - a potion of flight {unknown}
 p - 3 potions of agility {unknown}
 q - a potion of curing
 v - 2 potions of berserk rage {unknown}
 z - a potion of heal wounds {unknown}
 A - a potion of invisibility {unknown}
 B - a potion of mutation {unknown}
Comestibles
 d - 10 rations


   Skills:
 + Level 6.8 Fighting
 + Level 4.9 Short Blades
 + Level 4.9 Long Blades
 + Level 4.9 Axes
 + Level 6.8 Maces & Flails
 + Level 4.9 Polearms
 + Level 4.9 Staves
 + Level 4.9 Slings
 + Level 4.9 Bows
 + Level 4.9 Crossbows
 + Level 4.9 Throwing
 + Level 5.6 Armour
 + Level 6.8 Dodging
 + Level 4.9 Stealth
 + Level 4.9 Shields
 + Level 4.9 Unarmed Combat
 + Level 7.1 Spellcasting
 + Level 4.0 Conjurations
 + Level 4.0 Hexes
 + Level 6.9 Charms
 + Level 4.0 Summonings
 + Level 4.0 Necromancy
 + Level 4.0 Translocations
 + Level 4.0 Transmutations
 + Level 4.0 Fire Magic
 + Level 4.0 Ice Magic
 + Level 4.0 Air Magic
 + Level 4.0 Earth Magic
 + Level 4.0 Poison Magic
 + Level 5.3 Invocations
 + Level 4.9 Evocations


You had 22 spell levels left.
You knew the following spells:

 Your Spells              Type           Power        Failure   Level  Hunger
a - Infusion              Chrm           ####         6%          1    None

Your spell library contained the following spells:

 Spells                   Type           Power        Failure   Level  Hunger
 Song of Slaying          Chrm           ####....     9%          2    None
 Shroud of Golubria       Chrm/Tloc      ###.......   16%         2    None
 Animate Skeleton         Necr           N/A          19%         1    None
 Corona                   Hex            ###....      19%         1    None
 Pain                     Necr           ###.         19%         1    None
 Ensorcelled Hibernation  Hex/Ice        ###...       28%         2    None
 Regeneration             Chrm/Necr      ###.......   32%         3    ##.....
 Spectral Weapon          Hex/Chrm       ###.....     32%         3    ##.....
 Confuse                  Hex            ###.....     50%         3    ##.....
 Dazzling Spray           Conj/Hex       ###...       50%         3    ##.....
 Recall                   Summ/Tloc      N/A          50%         3    ##.....
 Tukima's Dance           Hex            ###.....     50%         3    ##.....
 Vampiric Draining        Necr           ###.......   50%         3    ##.....
 Animate Dead             Necr           N/A          88%         4    ####...
 Borgnjor's Vile Clutch   Necr/Erth      ###.......   99%         5    #####..
 Death Channel            Necr           ###.......   100%        6    #######
 Simulacrum               Ice/Necr       ###.......   100%        6    #######


Dungeon Overview and Level Annotations

Branches:
Dungeon (8/15)             Temple (0/1) D:6
   Lair: D:8-11

Altars:
Dithmenos
Hepliaklqana
Kikubaaqudgha
Okawaru
Qazlal
Vehumet
Zin
The Shining One
Beogh

Annotations:
D:8 Erica


Innate Abilities, Weirdness & Mutations

Your experience applies equally to all skills.
You have very sharp teeth.
Your uncanny sense of smell can sniff out nearby items.
Your life essence is reduced to manifest your ancestor. (-10% HP)


Message History

You reach to attack!
You closely miss something.
Shatamurrim hits something with a dagger of draining!
Something hits Shatamurrim!
Something burns Shatamurrim.
Attack whom?
Press: ? - help, Dir - move target cursor You could not reach far enough!
Something hits Shatamurrim but does no damage.
Shatamurrim gestures at something while chanting.
Attack whom?
Press: ? - help, Dir - move target cursor You could not reach far enough!
Attack whom?
Press: ? - help, Dir - move target cursor You could not reach far enough!
Something hits Shatamurrim!
Shatamurrim is destroyed!
You hear some strange, mumbled words.
A bolt of poison appears from out of thin air!
The bolt of poison hits you!
You are poisoned.
You die...

.....# . #.# #.#
###..####.# .# #.#
#.# ..........##.#
#.# #.#
####.###.###.#
##.# #.# #.....#.#
#.# #..# #.#
...#.#.#.###.#
#.## #.#
.#...#.#..##.# #.#
#.# ...###.......#
#.# #.# #.##
#..###..###@####.#
#. #..#
#...........# #
##.# #.###########
.. #.....# #.
###.### #. # . #


There were no monsters in sight!

Vanquished Creatures
  A hydra (D:6)
  Joseph (D:8)
  A hungry ghost (D:7)
  A water moccasin (D:5)
  A phantom (D:7)
  A black bear (D:7)
  A necrophage (D:8)
  2 centaurs
  An elf zombie (Ossuary)
  A scorpion (D:6)
  3 wights (D:7)
  3 crimson imps
  A centaur zombie (D:6)
  3 hounds
  4 orc wizards
  4 iguanas
  Ijyb (D:5)
  A statue (D:4)
  5 worker ants
  3 hound zombies
  2 mummies (Ossuary)
  2 howler monkey zombies
  2 worker ant zombies
  3 gnolls
  7 adders
  A shadow imp (D:7)
  An adder skeleton (D:7)
  A worm (D:2)
  3 dart slugs
  18 orcs
  5 giant cockroaches
  A gnoll zombie (Ossuary)
  11 goblins
  7 hobgoblins
  17 jackals
  A quokka (D:3)
  2 bats
  3 frilled lizards
  A hobgoblin zombie (Ossuary)
  A jackal skeleton (D:4)
  6 kobolds
  2 orc zombies (Ossuary)
  A quokka skeleton (D:4)
  5 rats
  2 rat zombies (Ossuary)
144 creatures vanquished.

Vanquished Creatures (collateral kills)
  An orc warrior (D:7)
  An ogre (D:5)
  A bullfrog (D:8)
  A scorpion (D:8)
  A wight (D:7)
  A howler monkey (D:4)
  2 centaur zombies (D:7)
  4 orc priests
  A human zombie (Ossuary)
  An orc wizard (D:5)
  Crazy Yiuf (D:5)
  2 worker ants
  2 mummies (Ossuary)
  A worker ant zombie (D:7)
  4 gnolls
  2 adders
  2 worms
  A dart slug (D:3)
  3 leopard geckos
  6 orcs
  2 ball pythons
  A giant cockroach (D:3)
  A goblin (D:3)
  A jackal (D:3)
  A kobold (D:2)
  2 quokkas
  A frilled lizard (D:4)
  A kobold zombie (Ossuary)
  A leopard gecko skeleton (D:5)
  An orc zombie (Ossuary)
50 creatures vanquished.

Vanquished Creatures (others)
  6 hexers
  2 ancestors (Ossuary)
8 creatures vanquished.

Grand Total: 202 creatures vanquished

Notes
Turn   | Place    | Note
-------+----------+-------------------------------------------
     0 | D:1      | Fandomethor the Gnoll Skald began the quest for the Orb.
     0 | D:1      | Reached XP level 1. HP: 20/20 MP: 6/6
    49 | D:1      | Reached XP level 2. HP: 23/26 MP: 7/7
   642 | D:2      | Reached XP level 3. HP: 28/31 MP: 9/9
   650 | D:2      | Reached skill level 5 in Spellcasting
   706 | D:2      | Reached skill level 1 in Short Blades
   706 | D:2      | Reached skill level 1 in Long Blades
   706 | D:2      | Reached skill level 1 in Axes
   706 | D:2      | Reached skill level 1 in Polearms
   706 | D:2      | Reached skill level 1 in Staves
   706 | D:2      | Reached skill level 1 in Slings
   706 | D:2      | Reached skill level 1 in Bows
   706 | D:2      | Reached skill level 1 in Crossbows
   706 | D:2      | Reached skill level 1 in Throwing
   706 | D:2      | Reached skill level 1 in Stealth
   706 | D:2      | Reached skill level 1 in Shields
   706 | D:2      | Reached skill level 1 in Unarmed Combat
   706 | D:2      | Reached skill level 1 in Invocations
   706 | D:2      | Reached skill level 1 in Evocations
   710 | D:2      | Reached XP level 4. HP: 22/38 MP: 2/11
   831 | D:2      | Reached skill level 1 in Conjurations
   831 | D:2      | Reached skill level 1 in Hexes
   831 | D:2      | Reached skill level 1 in Summonings
   831 | D:2      | Reached skill level 1 in Necromancy
   831 | D:2      | Reached skill level 1 in Translocations
   831 | D:2      | Reached skill level 1 in Transmutations
   831 | D:2      | Reached skill level 1 in Fire Magic
   831 | D:2      | Reached skill level 1 in Ice Magic
   831 | D:2      | Reached skill level 1 in Air Magic
   831 | D:2      | Reached skill level 1 in Earth Magic
   831 | D:2      | Reached skill level 1 in Poison Magic
  1025 | D:2      | Reached XP level 5. HP: 31/43 MP: 12/12
  1061 | D:2      | Found a hazy altar of Hepliaklqana.
  1160 | D:2      | Became a worshipper of Hepliaklqana the Forgotten
  1379 | D:2      | Found a stormy altar of Qazlal.
  1952 | D:3      | Reached * piety under Hepliaklqana
  2398 | D:4      | Reached XP level 6. HP: 45/45 MP: 13/13
  2552 | D:4      | Reached skill level 5 in Fighting
  2552 | D:4      | Reached skill level 5 in Maces & Flails
  2552 | D:4      | Reached skill level 5 in Dodging
  2611 | D:4      | Found a sand-covered staircase.
  2626 | Ossuary  | Entered an ossuary
  2787 | Ossuary  | Reached XP level 7. HP: 15/50 MP: 15/15
  3107 | D:4      | Reached ** piety under Hepliaklqana
  3108 | D:4      | Remembered your ancestor Shatamurrim as a hexer
  3110 | D:4      | Found a radiant altar of Vehumet.
  3634 | D:5      | Entered Level 5 of the Dungeon
  3673 | D:5      | Noticed Ijyb
  3870 | D:5      | Killed Ijyb
  4002 | D:5      | Found an iron altar of Okawaru.
  4044 | D:5      | Reached XP level 8. HP: 46/56 MP: 16/16
  4354 | D:5      | Found a runed door.
  4419 | D:5      | Found a glowing golden altar of the Shining One.
  4647 | D:5      | Noticed Crazy Yiuf
  4653 | D:5      | Killed Crazy Yiuf
  5002 | D:6      | Found a staircase to the Ecumenical Temple.
  5028 | D:6      | Reached skill level 6 in Spellcasting
  5178 | D:6      | Noticed a five-headed hydra
  5210 | D:6      | Killed a five-headed hydra
  5210 | D:6      | Reached XP level 9. HP: 28/62 MP: 18/18
  5221 | D:6      | Got an ancient flail
  5222 | D:6      | Identified the cursed +1 flail "Lotait" {crush, Str+3} (You
                  | found it on level 6 of the Dungeon)
  5794 | D:7      | Found an ancient bone altar of Kikubaaqudgha.
  5794 | D:7      | Found a shadowy altar of Dithmenos.
  5804 | D:7      | Found a glowing silver altar of Zin.
  5846 | D:7      | Reached skill level 5 in Armour
  5996 | D:7      | Reached *** piety under Hepliaklqana
  6205 | D:7      | Reached skill level 5 in Invocations
  6580 | D:8      | Noticed Joseph
  6615 | D:8      | Killed Joseph
  6615 | D:8      | Reached skill level 7 in Spellcasting
  6615 | D:8      | Reached XP level 10. HP: 67/69 MP: 20/20
  6676 | D:8      | Found a roughly hewn altar of Beogh.
  6784 | D:8      | Found a hazy altar of Hepliaklqana.
  6842 | D:8      | Noticed Erica
  6875 | D:8      | Killed from afar by Erica

Vault maps used:
D:1:      mrwooster_arrival_statue
D:2:      nicolae_qazlal_eye_of_the_storm, marbit_many_paths, hex_large
D:3:      first_ration
D:4:      vehumet_statue, nicolae_ossuary_entry_false_entrances
D:5:      lemuel_coloured_pillars_altar, okawaru_ov_weapons_minmay,
          uniq_crazy_yiuf_cottage, uniq_ijyb
D:6:      minmay_cornered_nines, minmay_temple_entry_grid
D:7:      grunt_temple_overflow_diamond
D:8:      basic_altar, the_bakery, david_defended_altar_orc, uniq_joseph,
          uniq_pikel, uniq_erica
Ossuary:  ossuary_minmay_tomb_2a

Skill      XL: |  1  2  3  4  5  6  7  8  9 10 |
---------------+-------------------------------+-----
Spellcasting   | 5 6 7 |  7.1
Short Blades   | 1 2 3 4 |  4.9
Long Blades    | 1 2 3 4 |  4.9
Axes           | 1 2 3 4 |  4.9
Polearms       | 1 2 3 4 |  4.9
Staves         | 1 2 3 4 |  4.9
Slings         | 1 2 3 4 |  4.9
Bows           | 1 2 3 4 |  4.9
Crossbows      | 1 2 3 4 |  4.9
Throwing       | 1 2 3 4 |  4.9
Stealth        | 1 2 3 4 |  4.9
Shields        | 1 2 3 4 |  4.9
Unarmed Combat | 1 2 3 4 |  4.9
Invocations    | 1 2 3 4 5 |  5.3
Evocations     | 1 2 3 4 |  4.9
Conjurations   | 1 2 3 4 |  4.0
Hexes          | 1 2 3 4 |  4.0
Summonings     | 1 2 3 4 |  4.0
Necromancy     | 1 2 3 4 |  4.0
Translocations | 1 2 3 4 |  4.0
Transmutations | 1 2 3 4 |  4.0
Fire Magic     | 1 2 3 4 |  4.0
Ice Magic      | 1 2 3 4 |  4.0
Air Magic      | 1 2 3 4 |  4.0
Earth Magic    | 1 2 3 4 |  4.0
Poison Magic   | 1 2 3 4 |  4.0
Armour         | 3 4 5 |  5.6
Fighting       | 5 6 |  6.8
Maces & Flails | 5 6 |  6.8
Dodging        | 5 6 |  6.8
Charms         | 6 |  6.9

Action                   |  1- 3 |  4- 6 |  7- 9 | 10-12 || total
-------------------------+-------+-------+-------+-------++-------
Melee: Mace              |    73 |   250 |   172 |       ||   495
       Bite              |     9 |    29 |    39 |     1 ||    78
       Punch             |       |     2 |     5 |       ||     7
       Flail             |       |       |   132 |       ||   132
       Spear             |       |       |    53 |    27 ||    80
       Unarmed           |       |       |       |     5 ||     5
 Cast: Infusion          |     1 |     2 |     4 |       ||     7
Invok: Ancestor Life: He |       |       |     1 |       ||     1
  Use: Scroll            |       |     2 |     7 |       ||     9
       Potion            |       |       |       |     1 ||     1
 Stab: Sleeping          |     1 |       |       |       ||     1
       Distracted        |       |       |     5 |       ||     5
       Confused          |       |       |       |     1 ||     1
  Eat: Chunk             |       |     6 |    13 |       ||    19
       Ration            |       |       |       |     1 ||     1
Armor: Leather armour    |     8 |       |       |       ||     8
       Ring mail         |    16 |    46 |       |       ||    62
       Chain mail        |       |    41 |   101 |       ||   142
Dodge: Dodged            |    58 |   191 |   247 |     8 ||   504

Table legend:
 A = Non-vault XP
 B = Vault XP
 C = Vault XP percentage of total XP
 D = Non-vault monster count
 E = Vault monster count
 F = Vault count percentage of total count
                 A         B        C        D         E       F
            +---------+---------+-------+---------+---------+-------
      Total |    3289 |    1946 |  37.2 |     167 |      27 |  13.9
            +---------+---------+-------+---------+---------+-------
        D:1 |      33 |       0 |   0.0 |      19 |       0 |   0.0
        D:2 |     150 |       4 |   2.6 |      30 |       1 |   3.2
        D:3 |     128 |       0 |   0.0 |      29 |       0 |   0.0
        D:4 |     294 |      32 |   9.8 |      21 |       1 |   4.5
        D:5 |     614 |      74 |  10.8 |      22 |       2 |   8.3
        D:6 |     300 |     984 |  76.6 |       9 |       3 |  25.0
        D:7 |    1369 |       0 |   0.0 |      32 |       0 |   0.0
        D:8 |     401 |     586 |  59.4 |       5 |       4 |  44.4
    Ossuary |       0 |     266 | 100.0 |       0 |      16 | 100.0
            +---------+---------+-------+---------+---------+-------
